Cogmind - Beta 10.2 @@@ ROGUE MODE // 2021.10.17 @ 23:31:43 Player: Bebob Result: Destroyed by Y-54 Guardian with Flak Gun Performance ------------- Evolutions (3) 1500 Regions Visited (8) 1600 Robots Destroyed (31) 155 Value Destroyed (744) 744 Prototype IDs (24) 480 Alien Tech Used (0) 0 Bonus (300) 300 TOTAL SCORE: 4779 Bonus ------- Aligned with FarCom 300 Cogmind --------- Core Integrity 0/700 Matter 300/300 Energy 99/100 System Corruption 0% Temperature Cool (12) Movement Core (50) Location -7/Factory Parts ------- > --- POWER (2) -------- (None) > --- PROPULSION (4) --- (None) > --- UTILITY (5) ------ Advanced Visual Processing Unit > --- WEAPON (2) ------- (None) > --- INVENTORY (4) ---- Experimental Sensor Array Improved Targeting Computer Thief Drone Bay Peak State ------------ > --- POWER ------------ Micro Nuclear Core > --- PROPULSION ------- Flight Unit Flight Unit > --- UTILITY ---------- Advanced Visual Processing Unit 0b10 Alert Chip > --- WEAPON ----------- Lightning Gun > --- INVENTORY -------- Experimental Sensor Array Improved Targeting Computer Improved Medium Armor Plating Thief Drone Bay [Rating: 20] Favorites ----------- Power Improved Ion Engine Engine Improved Ion Engine Power Core Micro Nuclear Core Propulsion Aluminum Leg Leg Aluminum Leg Hover Unit Gravmag System Flight Unit Flight Unit Utility Hacking Suite Device Heat Sink Storage Small Storage Unit Processor 0b10 Alert Chip Hackware Hacking Suite Protection Light Armor Plating Weapon Beam Rifle Energy Gun Beam Rifle Ballistic Gun Light Assault Rifle Build | -11 -10 -10 -9 -9 -9 -8 -8 -7 ------- Run | Scr Mat Min Mat Min Exi Min Mat Fac Slots Evolved 6 | . . . 2 . . . 2 2 Power 1 | . . . . . . . 1 . Propulsion 2 | . . . . . . . 1 1 Utility 3 | . . . 2 . . . . 1 Weapon . | . . . . . . . . . Parts Attached 35 | 6 6 . 11 2 3 . 1 6 Power 6 | 1 1 . 2 . . . . 2 Engine 4 | 1 1 . 2 . . . . . Core 2 | . . . . . . . . 2 Reactor . | . . . . . . . . . Propulsion 12 | 2 . . 6 . 2 . 1 1 Treads . | . . . . . . . . . Leg 6 | 2 . . 4 . . . . . Wheel . | . . . . . . . . . Hover 1 | . . . . . . . . 1 Flight 5 | . . . 2 . 2 . 1 . Utility 8 | 1 1 . 2 2 1 . . 1 Device 1 | . . . 1 . . . . . Storage 1 | 1 . . . . . . . . Processor 2 | . . . . . 1 . . 1 Hackware 1 | . 1 . . . . . . . Protection 3 | . . . 1 2 . . . . Artifact . | . . . . . . . . . Weapon 9 | 2 4 . 1 . . . . 2 Energy Gun 8 | 2 4 . . . . . . 2 Energy Cannon . | . . . . . . . . . Ballistic Gun 1 | . . . 1 . . . . . Ballistic Cannon . | . . . . . . . . . Launcher . | . . . . . . . . . Special Weapon . | . . . . . . . . . Impact Weapon . | . . . . . . . . . Slashing Weapon . | . . . . . . . . . Piercing Weapon . | . . . . . . . . . Special Melee Weapon . | . . . . . . . . . Unidentified Prototypes 1 | . . . . . 1 . . . Parts Lost 15 | . . . 5 1 . . 3 6 Power 2 | . . . 1 . . . . 1 Propulsion 5 | . . . 1 . . . 1 3 Utility 4 | . . . 1 1 . . 1 1 Weapon 4 | . . . 2 . . . 1 1 Highest Loss Streak 3 | . . . 3 1 . . 2 3 Average Slot Usage (%) 72 | . 87 100 80 66 68 77 60 26 Engine 10 | . 14 14 11 11 11 11 8 . Leg 14 | . 28 28 13 . . . . . Flight 7 | . . . 7 22 21 22 19 6 Device 2 | . . . 8 2 . . . . Storage 7 | . 14 14 7 . . . . . Processor 2 | . . . . . 3 11 9 8 Hackware 6 | . 2 14 11 11 11 11 8 . Protection 3 | . . . 4 8 11 11 8 . Energy Gun 14 | . 28 28 11 . . . . 4 Ballistic Gun 3 | . . . 4 11 11 11 6 . Naked Turns . | . . . . . . . . . Heaviest Build 21 | 10 17 17 21 8 7 7 7 9 Greatest Support 20 | 20 20 20 20 8 8 8 14 11 Greatest Overweight (x) 2 | . . . 2 . 2 . . 1 Average Overweight (x) . | . . . . . . . . . Largest Inventory Capacity 6 | 6 6 6 6 4 4 4 4 4 Average Capacity 5 | 4 6 6 5 4 4 4 4 4 Most Carried 6 | 3 4 5 6 3 4 3 4 4 Average Carried 2 | . 1 2 3 2 3 3 3 3 Final Capacity 6 | 6 6 6 4 4 4 4 4 4 Final Carried 5 | 1 1 5 1 3 3 3 4 3 Class Distribution -------------------- 58% | Mutant 38% | Scavenger-Mutant 3% | Scout Dominant Class ---------------- Mutant | -10/Materials Mutant | -10/Mines Scavenger-Mutant | -9/Materials Scavenger-Mutant | -9/Mines Scavenger-Mutant | -9/Exiles Scavenger-Mutant | -8/Mines Scavenger-Mutant | -8/Materials Mutant | -7/Factory Resources | -11 -10 -10 -9 -9 -9 -8 -8 -7 ----------- Run | Scr Mat Min Mat Min Exi Min Mat Fac Matter Collected 522 | 183 36 45 177 5 . . . 76 Remotely . | . . . . . . . . . Salvage Created 1082 | . 463 . 541 . . . . 78 Parts 65 | . 27 . 35 . . . . 3 Haulers Intercepted 1 | . 1 . . . . . . . Recyclers Shooed . | . . . . . . . . . Parts Field Recycled . | . . . . . . . . . Retrieved Matter . | . . . . . . . . . Parts Self-Destructed . | . . . . . . . . . Prevented . | . . . . . . . . . Kills | -11 -10 -10 -9 -9 -9 -8 -8 -7 ------- Run | Scr Mat Min Mat Min Exi Min Mat Fac Combat Hostiles Destroyed 21 | . 8 . 13 . . . . . Guns 21 | . 8 . 13 . . . . . Classes Destroyed 9 | . 4 . 3 . . . . 2 Worker 2 | . . . . . . . . 2 Builder 1 | . . . . . . . . 1 Hauler 1 | . 1 . . . . . . . Recycler 1 | . . . 1 . . . . . Operator 2 | . 1 . 1 . . . . . Watcher 3 | . 2 . 1 . . . . . Swarmer 6 | . . . 6 . . . . . Grunt 12 | . 8 . 4 . . . . . Sentry 3 | . . . 3 . . . . . Best Kill Streak 4 | . 4 . 2 . . . . 2 Combat Bots Only 2 | . 2 . 2 . . . . . Max Kills in Single Turn 2 | . 2 . 1 . . . . 1 Gunslinging . | . . . . . . . . . Exploded . | . . . . . . . . . Melee . | . . . . . . . . . Uniques/NPCs Destroyed . | . . . . . . . . . Combat | -11 -10 -10 -9 -9 -9 -8 -8 -7 -------- Run | Scr Mat Min Mat Min Exi Min Mat Fac Damage Taken 2118 | . 287 . 673 28 . . 224 906 Core 1046 | . 62 . 196 . . . 84 704 Absorbed by Shields . | . . . . . . . . . Core Remaining (%) 77 | 100 . 75 . . . 51 84 . Volleys Fired 92 | . 33 . 47 . . 1 . 11 Largest 2 | . 2 . 2 . . 1 . 1 Hottest 112 | . 112 . 112 . . 20 . 55 Shots Fired 147 | . 63 . 72 . . 1 . 11 Gun 147 | . 63 . 72 . . 1 . 11 Cannon . | . . . . . . . . . Launcher . | . . . . . . . . . Special . | . . . . . . . . . Kinetic 17 | . . . 16 . . 1 . . Thermal 116 | . 60 . 56 . . . . . Explosive . | . . . . . . . . . Electromagnetic 14 | . 3 . . . . . . 11 Robot Hit Streak 12 | . 9 . 12 . . . . 3 Robot Miss Streak 3 | . 3 . 3 . . . . 2 Penetration Max . | . . . . . . . . . Secondary Targets 2 | . 2 . . . . . . . Max Gunslinging Chain 1 | . 1 . . . . . . . Shots Hit Robots 85 | . 32 . 47 . . . . 6 Core Hits 45 | . 14 . 26 . . . . 5 Critical Hits . | . . . . . . . . . Critical Kills . | . . . . . . . . . Critical Parts Destroyed . | . . . . . . . . . Melee Attacks . | . . . . . . . . . Impact . | . . . . . . . . . Slashing . | . . . . . . . . . Piercing . | . . . . . . . . . Sneak Attacks . | . . . . . . . . . Combat Hostiles . | . . . . . . . . . Follow-up Attacks . | . . . . . . . . . Damage Inflicted 1366 | . 524 . 682 . . . . 160 Guns 1347 | . 524 . 682 . . . . 141 Cannons . | . . . . . . . . . Explosions . | . . . . . . . . . Melee . | . . . . . . . . . Ramming 19 | . . . . . . . . 19 Kinetic 100 | . . . 100 . . . . . Thermal 1063 | . 481 . 582 . . . . . Explosive . | . . . . . . . . . Electromagnetic 184 | . 43 . . . . . . 141 Impact . | . . . . . . . . . Slashing . | . . . . . . . . . Piercing . | . . . . . . . . . Highest Corruption . | . . . . . . . . . Average Corruption . | . . . . . . . . . Corruption Purged . | . . . . . . . . . Overload Shots . | . . . . . . . . . Overflow Damage . | . . . . . . . . . Projectiles . | . . . . . . . . . Explosions . | . . . . . . . . . Melee . | . . . . . . . . . Knockbacks . | . . . . . . . . . Impact . | . . . . . . . . . Kinetic . | . . . . . . . . . Secondary . | . . . . . . . . . Self-Inflicted Damage 9 | . . . . . . . . 9 Shots . | . . . . . . . . . Rammed 2 | . . . . . . . . 2 Targets Rammed 2 | . . . . . . . . 2 Kicked . | . . . . . . . . . Crushed . | . . . . . . . . . Highest Temperature 306 | . 306 . 168 1 . 4 . . Average Temperature 101 | . 128 . 55 1 . 4 . . Received Heat Transfer 414 | . 162 . 93 15 . . 63 81 Effects 4 | . 4 . . . . . . . Interference 4 | . 4 . . . . . . . Siege Activations . | . . . . . . . . . Robots Corrupted . | . . . . . . . . . Combat Hostiles . | . . . . . . . . . Parts Fried 1 | . . . . . . . . 1 Impact Corruptions . | . . . . . . . . . Robots Melted . | . . . . . . . . . Combat Hostiles . | . . . . . . . . . Parts Melted 4 | . . . 4 . . . . . Heat Transferred 2701 | . 1221 . 1480 . . . . . Parts Sabotaged . | . . . . . . . . . Parts Stolen . | . . . . . . . . . Parts Stripped . | . . . . . . . . . Power Chain Reactions . | . . . . . . . . . Missiles Intercepted . | . . . . . . . . . Alert | -11 -10 -10 -9 -9 -9 -8 -8 -7 ------- Run | Scr Mat Min Mat Min Exi Min Mat Fac Peak Influence 288 | . 138 37 288 147 . . 181 117 Initial 112 | . . 37 14 112 . . . 72 Average 76 | . 37 37 169 120 . . 44 67 Maximum Alert Level 1 | . . . 1 . . . . . Low Security (%) 88 | 100 100 100 55 100 . 100 100 100 Level 1 11 | . . . 44 . . . . . Level 2 . | . . . . . . . . . Level 3 . | . . . . . . . . . Level 4 . | . . . . . . . . . Level 5 . | . . . . . . . . . High Security . | . . . . . . . . . Max Security . | . . . . . . . . . Squads Dispatched 7 | . 2 . 1 . . . 2 2 Investigation 2 | . . . . . . . 2 . Extermination 1 | . . . . . . . . 1 Reinforcement 4 | . 2 . 1 . . . . 1 Assault . | . . . . . . . . . Garrison . | . . . . . . . . . Intercept . | . . . . . . . . . Construction Impeded . | . . . . . . . . . Haulers Reinforced . | . . . . . . . . . Stealth | -11 -10 -10 -9 -9 -9 -8 -8 -7 --------- Run | Scr Mat Min Mat Min Exi Min Mat Fac Distress Signals 2 | . 1 . . . . . 1 . Communications Jammed . | . . . . . . . . . Distress Signals . | . . . . . . . . . Times Spotted 78 | . 15 1 22 4 . . 21 15 Peak Tracking Total 16 | . 3 1 4 2 . . 16 9 Tactical Retreats 11 | . . 1 3 1 . . 2 4 Traps | -11 -10 -10 -9 -9 -9 -8 -8 -7 ------- Run | Scr Mat Min Mat Min Exi Min Mat Fac Traps Triggered 1 | . . . . . . . 1 . Indirectly . | . . . . . . . . . Trap Hack Attempts . | . . . . . . . . . Triggered . | . . . . . . . . . Disarmed . | . . . . . . . . . Reprogrammed . | . . . . . . . . . Reused . | . . . . . . . . . Traps Extracted . | . . . . . . . . . Installed 4 | . . 1 3 . . . . . Triggered . | . . . . . . . . . Machines | -11 -10 -10 -9 -9 -9 -8 -8 -7 ---------- Run | Scr Mat Min Mat Min Exi Min Mat Fac Machines Disabled 2 | . 2 . . . . . . . Max in Single Turn 1 | . 1 . . . . . . . Machines Sabotaged . | . . . . . . . . . Garrisons Compromised . | . . . . . . . . . Overloaded Fab Kills . | . . . . . . . . . Fab Network Shutdowns . | . . . . . . . . . Hacking | -11 -10 -10 -9 -9 -9 -8 -8 -7 --------- Run | Scr Mat Min Mat Min Exi Min Mat Fac Machines Accessed 21 | . 6 . 3 1 5 . 4 2 Terminals 11 | . 4 . 3 . . . 3 1 Fabricators . | . . . . . . . . . Repair Stations . | . . . . . . . . . Recycling Units 2 | . 2 . . . . . . . Scanalyzers 1 | . . . . . . . 1 . Garrison Access 1 | . . . . . . . . 1 Total Hacks 101 | . 14 . 13 1 50 . 14 9 Successful 87 | . 12 . 9 1 50 . 10 5 Failed 14 | . 2 . 4 . . . 4 4 Catastrophic 1 | . . . . . . . 1 . Database Lockouts . | . . . . . . . . . Manual 43 | . 12 . 9 . 1 . 12 9 Terminals 43 | . 11 . 13 . . . 12 7 Fabricators . | . . . . . . . . . Repair Stations . | . . . . . . . . . Recycling Units 3 | . 3 . . . . . . . Scanalyzers 2 | . . . . . . . 2 . Garrison Access 2 | . . . . . . . . 2 Terminal Hacks 58 | . 1 . 2 1 50 . 3 1 Record 49 | . . . . . 49 . . . Open Door 1 | . . . . 1 . . . . Recycling Unit Index 1 | . . . 1 . . . . . Alert Level 1 | . . . . . . . 1 . Locate Traps 4 | . 1 . 1 . . . 1 1 Recall Investigation 1 | . . . . . . . 1 . EX-Prototype ID Bank 1 | . . . . . 1 . . . Fabricator Hacks . | . . . . . . . . . Repair Station Hacks . | . . . . . . . . . Recycling Unit Hacks 1 | . 1 . . . . . . . Report Inventory 1 | . 1 . . . . . . . Scanalyzer 2 | . . . . . . . 2 . Insert Component 1 | . . . . . . . 1 . Analyze 1 | . . . . . . . 1 . Garrison Access Hacks . | . . . . . . . . . Unauthorized Hacks 26 | . 10 . 7 . . . 5 4 Terminals 23 | . 8 . 7 . . . 5 3 Track 9 | . 4 . 3 . . . 1 1 Botnet 9 | . 3 . 3 . . . 2 1 Detonate 1 | . . . . . . . 1 . Operators 4 | . 1 . 1 . . . 1 1 Fabricators . | . . . . . . . . . Repair Stations . | . . . . . . . . . Recycling Units 2 | . 2 . . . . . . . Monitor 2 | . 2 . . . . . . . Scanalyzers . | . . . . . . . . . Garrison Access 1 | . . . . . . . . 1 Watchers 1 | . . . . . . . . 1 Data Cores Recovered . | . . . . . . . . . Used . | . . . . . . . . . Hacking Detections 13 | . 4 . 3 . . . 4 2 Full Trace Events 3 | . . . 1 . . . 2 . Feedback Events . | . . . . . . . . . Feedback Blocked . | . . . . . . . . . Robot Schematics Acquired . | . . . . . . . . . Robots Built . | . . . . . . . . . Matter . | . . . . . . . . . Time . | . . . . . . . . . Total Robot Build Rating . | . . . . . . . . . Part Schematics Acquired 1 | . . . . . . . 1 . Parts Built . | . . . . . . . . . Matter . | . . . . . . . . . Time . | . . . . . . . . . Total Part Build Rating . | . . . . . . . . . Parts Repaired . | . . . . . . . . . Time . | . . . . . . . . . Parts Recycled . | . . . . . . . . . Recycled Matter . | . . . . . . . . . Retrieved Matter . | . . . . . . . . . Retrieved Components . | . . . . . . . . . Parts Scanalyzed 1 | . . . . . . . 1 . Part Schematics Acquired 1 | . . . . . . . 1 . Parts Damaged . | . . . . . . . . . Bothacking | -11 -10 -10 -9 -9 -9 -8 -8 -7 ------------ Run | Scr Mat Min Mat Min Exi Min Mat Fac Used RIF Installer . | . . . . . . . . . Robots Hacked . | . . . . . . . . . Non-combat . | . . . . . . . . . Combat . | . . . . . . . . . Robot Hacks Applied . | . . . . . . . . . Relay Couplers Released . | . . . . . . . . . Robots Rewired . | . . . . . . . . . Allies Hacked . | . . . . . . . . . Hacks Repelled . | . . . . . . . . . Allies | -11 -10 -10 -9 -9 -9 -8 -8 -7 -------- Run | Scr Mat Min Mat Min Exi Min Mat Fac Total Allies . | . . . . . . . . . Largest Group . | . . . . . . . . . Highest-Rated Group . | . . . . . . . . . Highest-Rated Ally . | . . . . . . . . . Total Orders . | . . . . . . . . . Ally Attacks . | . . . . . . . . . Total Damage . | . . . . . . . . . Kills . | . . . . . . . . . Allies Corrupted . | . . . . . . . . . Allies Melted . | . . . . . . . . . Intel | -11 -10 -10 -9 -9 -9 -8 -8 -7 ------- Run | Scr Mat Min Mat Min Exi Min Mat Fac Robot Analysis Total . | . . . . . . . . . Derelict Logs Recovered . | . . . . . . . . . Drone Launches . | . . . . . . . . . Drone Recoveries . | . . . . . . . . . Exploration | -11 -10 -10 -9 -9 -9 -8 -8 -7 ------------- Run | Scr Mat Min Mat Min Exi Min Mat Fac Turns Passed 3436 | 53 970 341 796 95 264 124 198 595 Spaces Moved 4026 | 39 638 281 494 223 687 331 457 876 Core 221 | 9 . . 10 . 3 . 5 194 Treads . | . . . . . . . . . Legs 1212 | 30 638 281 263 . . . . . Wheels . | . . . . . . . . . Hover 262 | . . . . . . . . 262 Flight 2331 | . . . 221 223 684 331 452 420 Fastest Speed 34 | 50 120 120 37 37 37 37 34 37 Average Speed 65 | 103 120 120 91 37 37 37 36 48 Slowest Speed 210 | 120 120 120 210 37 150 37 50 100 Overloaded Moves . | . . . . . . . . . Propulsion Burnouts . | . . . . . . . . . Robots Hopped 4 | . . . 1 . . . 3 . Cave-ins Triggered . | . . . . . . . . . Exploration Rate (%) 45 | 3 63 47 37 37 91 86 35 11 Regions Visited 8 Branch Regions 4 Pre-discovered Areas 1 | . . . . . 1 . . . Known Exits Taken . | . . . . . . . . . Unknown Exits Taken 8 | 1 1 1 1 1 1 1 1 . Scrap Searched 2 | . . . . 1 . 1 . . Spaces Dug . | . . . . . . . . . Terrain Destroyed . | . . . . . . . . . Melee . | . . . . . . . . . Projectile . | . . . . . . . . . AOE . | . . . . . . . . . Terrain Rammed . | . . . . . . . . . Walls Destroyed . | . . . . . . . . . Machines Disabled . | . . . . . . . . . Actions | -11 -10 -10 -9 -9 -9 -8 -8 -7 --------- Run | Scr Mat Min Mat Min Exi Min Mat Fac Total 4661 | 51 780 285 768 234 693 331 483 1036 Wait 459 | . 91 . 198 5 . . 28 137 Move 4011 | 38 637 280 491 222 686 330 451 876 Hop 3 | . . . 1 . . . 2 . Pick Up 33 | 7 7 4 7 4 2 . 1 1 Fast Attach 8 | . . . 2 . 1 . 1 4 Attach 17 | 6 1 . 5 1 2 . . 2 Detach 1 | . . . . . . . . 1 Swap 10 | . 5 . 4 1 . . . . Drop 21 | . 6 . 10 1 2 . . 2 Fire 92 | . 33 . 47 . . 1 . 11 Melee . | . . . . . . . . . Ram 2 | . . . . . . . . 2 Kick . | . . . . . . . . . Crush . | . . . . . . . . . Escape Stasis . | . . . . . . . . . Rewire . | . . . . . . . . . Trap 4 | . . 1 3 . . . . . Miscellaneous . | . . . . . . . . . Route ------- -11/Scrapyard -10/Materials (discovered 3 exits: *Mat x2 / [*Min]) -10/Mines -9/Materials -9/Mines -9/Exiles (discovered 2 exits: [*Min x2]) -8/Mines -8/Materials -7/Factory (discovered 1 exit: [*Fac]) History --------- Turn | Location | Event 2 | -11/Scrapyard | Met Revision 17 5 | -11/Scrapyard | Discovered new exit (range 16) 54 | -11/Scrapyard | Entered Materials 302 | -10/Materials | Build established: Mutant 461 | -10/Materials | Discovered new exit (range 16) 614 | -10/Materials | Discovered new exit (range 11) 891 | -10/Materials | Discovered new exit (range 7) 1024 | -10/Materials | Entered Mines 1026 | -10/Mines | Met a Derelict bent on vengeance 1066 | -10/Mines | Found a hidden stash of uninstalled traps 1096 | -10/Mines | A weapon hastily lodged in a ceiling crevice suddenly fell to the ground 1120 | -10/Mines | Found a damaged Exp. Sensor Array with a note attached 1123 | -10/Mines | Found Prototype Device 1351 | -10/Mines | Discovered new exit (range 11) 1365 | -10/Mines | Entered Materials 1365 | -9/Materials | Evolved 2 slots: Utility x2 1773 | -9/Materials | Build established: Scavenger-Mutant 1855 | -9/Materials | Lost 3 parts (1n1u1w) 2156 | -9/Materials | Discovered new exit (range 9) 2161 | -9/Materials | Entered Mines 2164 | -9/Mines | Found the Drone Emporium 2164 | -9/Mines | Found Prototype Device 2218 | -9/Mines | Deemed a non-threat by the Exiles lab entrance 2218 | -9/Mines | Discovered new exit (range 5) 2230 | -9/Mines | Joined a pair of Derelicts in attacking an 0b10 outpost 2256 | -9/Mines | Entered Exiles 2262 | -9/Exiles | Discovered new exit (range 15) 2273 | -9/Exiles | Met 8R-AWN 2281 | -9/Exiles | Met EX-HEX 2295 | -9/Exiles | Met EX-DEC 2307 | -9/Exiles | Visited The Gauntlet 2360 | -9/Exiles | Learned location of Zion (-6) 2373 | -9/Exiles | Discovered new exit (range 12) 2397 | -9/Exiles | Met EX-BIN 2432 | -9/Exiles | Aligned with FarCom system 2433 | -9/Exiles | Given EX-Vault access code 2441 | -9/Exiles | Opened EX-Vault 2446 | -9/Exiles | Found Prototype Processor 2447 | -9/Exiles | Identified 0b10 Alert Chip 2465 | -9/Exiles | Warned to stay clear of 0b10 Research branches 2520 | -9/Exiles | Left Exiles lab with 0b10 Alert Chip 2520 | -9/Exiles | Entered Mines 2642 | -8/Mines | Discovered new exit (range 6) 2644 | -8/Mines | Entered Materials 2644 | -8/Materials | Evolved 2 slots: Power x1, Propulsion x1 2684 | -8/Materials | Identified Exp. Sensor Array 2836 | -8/Materials | Discovered new exit (range 15) 2842 | -8/Materials | Entered Factory 2842 | -7/Factory | Evolved 2 slots: Propulsion x1, Utility x1 2987 | -7/Factory | Discovered new exit (range 8) 3140 | -7/Factory | Lost 3 parts (2n1u) 3399 | -7/Factory | Build established: Mutant 3414 | -7/Factory | Core integrity fell below 50% 3427 | -7/Factory | Lost 3 parts (1p1n1w) 3433 | -7/Factory | Core integrity fell below 20% 3437 | -7/Factory | Destroyed by Y-54 Guardian with Flak Gun Last Messages --------------- Testing... Tracking enabled and active. 03319_ Connecting with Garrison Access... >>Trojan(Watchers) Trojan loaded successfully. Testing... Watcher tracking enabled and active. 03342_ ALERT: Rogue bot located, Programmers report to Factory Zone 9R. 03369_ ALERT: Hostiles spotted, dispatching reinforcements to Terminal F011. 03382_ K-01 Serf destroyed. 03383_ Acquired 18 matter. 03386_ K-01 Serf collects debris. 03392_ Shock Rifle destroyed. 03395_ Gravmag System destroyed. 03396_ Mic. Nuclear Core destroyed. 03396_ Slammed into Y-54 Guardian. 03412_ P-60 Hacker resets S-27 Virus, system corruption cleaned. 03422_ K-01 Serf cleans the Construction Platform. 03435_ Slammed into K-01 Serf. Map ----- +----------------------------------------------------+ | ?????????????????????????# # / % | | ?????????????????????????# # # ######## | | ?????????????????????????# ######## # | | ?????????????????????????# + | | ?????????????????????????# #### | | ?????????????????????????# """ #??# | | ??????????????????######?# """ #??# | | ??????????????????# # """ #??# | | ??????????????????# """ # "" "" #??# | | ??????????????????# "Y + ""G"" #??# | | ??????????????????# """ # ###########??# | | ??????????????????# # #????????????# | | ??????????????????# ?# #????????????# | | ??????????????????######?# #????????????# | | ?????????????????????????# #???????##???######## | | ?????????????????????????# #????### #####??????? | | ?????????????????????????# #????# = #??????? | | ?????????????###########?# #????# != #??????? | | ?????????????# ### ###### ! #??????? | | ?????????????# # Y # """ #??????? | | ?????????????# s # # """ #??????? | | ?????????????# """""""p/ Y + """ ######## | | ?????????????# """""""g#s # # | | ?????????????# """""""g#k # # | | ?????????????# """""""s# ^ # "" # | | ?????????????# s + @ # S"" # """" | | ?????????????###################### "" # """" | | ??????????????????????????????????######### """ | | ??????????????????????????????????????????# ] | | ??????????????????????????????????????????# """" | | ??????????????????????????????????????????# """" | | ??????????????????????????????????????????# """ | | ??????????????????????????????????????????# | | ??????????????????????????????????????????# | | ????????????????????????????????????############## | | ????????????????????????????????????# #### | | ????????????????????????????????????# # ] | | ????????????????????????????????????# + < | | ????????????????????????????????????# # | | ????????????????????????????????????# ## # | | ????????????????????????????????????#[ ## # | | ????????????????????????????????????# + | | ????????????????????????????????????# #### | | ????????????????????????????????????###########??? | | ?????????????????????????????????????????????????? | | ?????????????????????????????????????????????????? | | | | | | | | | +----------------------------------------------------+ Best States ------------- Heat Dissipation 38 Energy Generation 15 Energy Capacity 265 Matter Stores 300 Matter Capacity 300 Sight Range 20 Terrain Scan Density 10 Armor Coverage 150 Evasion (%) 63 Offensive Hacking 10 Item Schematics ----------------- Exp. Sensor Array | -8/Materials | Scanalyzed Robot Schematics ------------------ None Fabricated ------------ Nothing Alien Tech Used ----------------- None Achievements -------------- Quantum Hacking Safety First True Hacker root@ Challenges ------------ None Game ------ Seed GravitonWeightApparatus Manual? 0 Play Time 01:12:28 Cumulative 34.9 hours Start 2021.10.17 @ 16:33:00 End 2021.10.17 @ 23:31:43 Sessions 3 Manual Loads 0 Difficulty Rogue Special Mode None Game No. 20 Rogue 20 Adventurer 0 Explorer 0 Win Type - Total 0 Types 0/0/0/0/0/0/0/0/0 Lore% 24 Gallery% 19 Achievement% 14 Wizard Run 0 Options --------- ASCII 0 Keyboard 0 Movement Mouse Keybinds 0 Fullscreen 1 Font 36/Smallcaps Map View 76x50 Tactical HUD 1 Map Filters NONE Filters NONE Steam 1 RUN: 7bd73817-9877-415b-aefe-6c2cb92f9d60